 Dungeon Sprint DCSS version 0.30.1-9-gdf580d7c3d (webtiles) character file.

Game seed: 6036551420670506993

17231 Heoruswealwe the Phalangite (level 12, 0/190 HPs)
             Began as a Minotaur Fighter on Oct 4, 2023.
             Was an Initiate of Gozag.
             Slain by an efreet
             ... wielding a +2 scimitar of flaming
              (4 damage)
             ... in the Dungeon (Sprint IX: "|||||||||||||||||||||||||||||").
             The game lasted 00:27:42 (2386 turns).

Heoruswealwe the Phalangite (Minotaur Fighter)      Turns: 2386, Time: 00:27:44

Health: 0/190      AC: 23    Str: 26    XL:     12   Next: 17%
Magic:  11/11      EV:  9    Int:  5    God:    Gozag
Gold:   1273       SH:  0    Dex:  8    Spells: 11/11 levels left

rFire   . . .        b - +5 bardiche (venom)
rCold   + + .        (shield currently unavailable)
rNeg    . . .        c - +4 chain mail {rC+}
rPois   +            (helmet restricted)
rElec   .            h - +0 cloak {rPois}
rCorr   .            f - +1 pair of gloves {Stlth+}
SInv    .            (no boots)
Will    .....        (no amulet) Stlth
                     k - ring of protection from cold
HPRegen 0.51/turn    (no ring)
MPRegen 0.12/turn

%: no teleportation
@: berserking, gold aura, very quick
A: horns 2, retaliatory headbutt, clumsy 1
a: Renounce Religion, Potion Petition, Call Merchant, Bribe Branch


You were in the Dungeon.
You worshipped Gozag.
Gozag was most pleased with you.
You visited 1 branch You collected 7720 gold pieces.
You spent 3518 gold pieces at shops.
You paid 2929 gold pieces to Gozag.

Inventory:

Hand Weapons
 a - a +0 trident
 b - a +5 bardiche of venom (weapon)
 q - the +8 arc blade {discharge, rElec}
   (You bought it in a shop in the Dungeon)

   rElec:     It insulates you from electricity.
Armour
 c - a +4 chain mail of cold resistance (worn)
 d - a +0 buckler
 f - a +1 pair of gloves of stealth (worn)
 h - a +0 cloak of poison resistance (worn)
Jewellery
 k - a ring of protection from cold (left hand)
Wands
 l - a wand of roots (10)
Scrolls
 j - a scroll of blinking
 o - 6 scrolls of enchant armour
 p - 9 scrolls of identify
Potions
 e - 5 potions of curing
 g - 3 potions of haste
 m - a potion of resistance
 r - 3 potions of might
 s - a potion of mutation
 t - 4 potions of cancellation


   Skills:
 + Level 18.1 Fighting
 * Level 24.3 Polearms
 + Level 18.1 Armour
 - Level 3.6 Shields
 - Level 7.6 Necromancy


You had 11 spell levels left.
You didn't know any spells.
Your spell library was empty.

Dungeon Overview and Level Annotations

Branches:
Dungeon (1/1)

Altars:
Cheibriados
Dithmenos
Elyvilon
Fedhas
Gozag
Hepliaklqana
Kikubaaqudgha
Makhleb
Nemelex Xobeh
Okawaru
Qazlal
Ru
Sif Muna
Trog
Uskayaw
Vehumet
Wu Jian
Xom
Yredelemnul
Zin
The Shining One
Jiyva
Lugonu

Shops:
D *?***(*(


Innate Abilities, Weirdness & Mutations

You have a pair of horns on your head.
You reflexively headbutt those who attack you in melee.
You are clumsy. (Dex -2)


Message History

* * * LOW HITPOINT WARNING * * *
The five-headed hydra bites you but does no damage.
The efreet is distracted by your dazzling golden aura.
You barely miss the five-headed hydra. You headbutt the five-headed hydra!
The five-headed hydra is lightly wounded.
The efreet is no longer distracted by gold.
The five-headed hydra completely misses you.
The five-headed hydra bites you but does no damage. x2
The five-headed hydra barely misses you.
The five-headed hydra bites you.
* * * LOW HITPOINT WARNING * * *
You lop one of the five-headed hydra's heads off!
The four-headed hydra grows two more!
You slice the six-headed hydra!! You headbutt the six-headed hydra.
The six-headed hydra is moderately wounded.
You barely miss the six-headed hydra. You headbutt the six-headed hydra!
The six-headed hydra is heavily wounded.
The six-headed hydra bites you but does no damage.
The six-headed hydra bites you!
* * * LOW HITPOINT WARNING * * *
The six-headed hydra bites you but does no damage. x3
The six-headed hydra bites you.
* * * LOW HITPOINT WARNING * * *
You chop one of the six-headed hydra's heads off!
The five-headed hydra grows two more!
You carve the seven-headed hydra like a ham!!!
You kill the seven-headed hydra!
The boulder beetle is no longer distracted by gold.
The boulder beetle leaps!
The efreet gestures at you. The bolt of fire hits you.
* * * LOW HITPOINT WARNING * * *
You see here 288 gold pieces.
You hit the efreet but do no damage. You headbutt the efreet!
The efreet is moderately wounded.
The efreet hits you with a +2 scimitar of flaming!
* * * LOW HITPOINT WARNING * * *
The efreet burns you.
You die...
Your body crumbles into a pile of gold.

......'.........'.........(!['..[
▓▓▓▓▓▓▓▓▓▓▓▓▓▓▓▓▓▓▓▓▓▓▓▓▓▓▓▓▓▓▓▓▓
.................................
▓▓▓▓▓▓▓▓▓▓▓▓▓▓▓▓▓▓▓▓▓▓▓▓▓▓▓▓▓▓▓▓▓
..')).))))))[..')[[[.∩.∩.∩.∩.∩.∩.
▓▓▓▓▓▓▓▓▓▓▓▓▓▓▓▓▓▓▓▓▓▓▓▓▓▓▓▓▓▓▓▓▓
........)........................
▓▓▓▓▓▓▓▓▓▓▓▓▓▓▓▓▓▓▓▓▓▓▓▓▓▓▓▓▓▓▓▓▓
[[[[[[[.........@R°BH.°.B,,,,,,,,
▓▓▓▓▓▓▓▓▓▓▓▓▓▓▓▓▓▓▓▓▓▓▓▓▓********
,,,,,,,,,,,,,,,,,,,,,,,,,,,,,,,,,
*********************************
+,,,,,,,,,+,,,,,,,,,+,,,,,,,,,+,,
*********************************
,,,,,,,,,,,,,,,,,,,,,,,,,,,,,,,,,
*********************************
,,,,,,,,,,,+,,,,,,,,,,,,,,,,,,,,,


You could see a boulder beetle, a manticore and an efreet.

Vanquished Creatures
  Harold (D)
  2 hydras (D)
  A boulder beetle (D)
  10 orc high priests (D)
  2 orc knights (D)
  2 ugly things (D)
  2 orc sorcerers (D)
  A cyclops (D)
  A manticore (D)
  2 cane toads (D)
  2 komodo dragons (D)
  A troll (D)
  A polar bear (D)
  A slime creature (D)
  2 basilisks (D)
  A wraith (D)
  3 yaks (D)
  2 wyverns (D)
  Grum (D)
  A steam dragon (D)
  2 wargs (D)
  An acid dragon (D)
  5 water moccasins (D)
  2 hell hounds (D)
  9 orc warriors (D)
  A black bear (D)
  7 wolves (D)
  A kobold brigand (D)
  A bullfrog (D)
  A hound (D)
  7 orc priests (D)
  A jelly (D)
  An iguana (D)
  3 orc wizards (D)
  An adder (D)
  8 orcs (D)
  An endoplasm (D)
  A goblin (D)
  A kobold (D)
  2 rats (D)
95 creatures vanquished.

Notes
Turn   | Place    | Note
-------+----------+-------------------------------------------
     0 | D        | Heoruswealwe the Minotaur Fighter began the quest for the
                  | Orb.
     0 | D        | Reached XP level 1. HP: 19/19 MP: 0/0
    12 | D        | Reached skill level 3 in Polearms
    33 | D        | Noticed an iguana
    33 | D        | Noticed an orc wizard
    33 | D        | Noticed a hound
    33 | D        | Noticed a jelly
    41 | D        | Killed an iguana
    42 | D        | Reached skill level 5 in Fighting
    42 | D        | Reached skill level 5 in Polearms
    42 | D        | Reached skill level 5 in Armour
    42 | D        | Reached XP level 2. HP: 29/29 MP: 1/1
    42 | D        | Reached XP level 3. HP: 36/36 MP: 2/2
    56 | D        | Reached skill level 6 in Polearms
    60 | D        | Reached skill level 7 in Polearms
    60 | D        | Reached XP level 4. HP: 33/44 MP: 3/3
    62 | D        | Reached skill level 8 in Polearms
    75 | D        | Found a snail-covered altar of Cheibriados.
    75 | D        | Found a shadowy altar of Dithmenos.
    75 | D        | Found a white marble altar of Elyvilon.
    75 | D        | Found a blossoming altar of Fedhas.
    75 | D        | Found an opulent altar of Gozag.
    76 | D        | Found a hazy altar of Hepliaklqana.
    77 | D        | Found a viscous altar of Jiyva.
    78 | D        | Found an ancient bone altar of Kikubaaqudgha.
    79 | D        | Found a corrupted altar of Lugonu.
    80 | D        | Found a burning altar of Makhleb.
    81 | D        | Found a sparkling altar of Nemelex Xobeh.
    82 | D        | Found an iron altar of Okawaru.
    83 | D        | Became a worshipper of Gozag Ym Sagoz the Greedy
    84 | D        | Found a stormy altar of Qazlal.
    85 | D        | Found a sacrificial altar of Ru.
    86 | D        | Found a shimmering blue altar of Sif Muna.
    87 | D        | Found a bloodstained altar of Trog.
    88 | D        | Found a hide-covered altar of Uskayaw.
    89 | D        | Found a radiant altar of Vehumet.
    90 | D        | Found an ornate altar of the Wu Jian Council.
    91 | D        | Found a shimmering altar of Xom.
    92 | D        | Found a basalt altar of Yredelemnul.
    93 | D        | Found a glowing silver altar of Zin.
    94 | D        | Found a glowing golden altar of the Shining One.
   169 | D        | Noticed a kobold brigand
   169 | D        | Noticed a steam dragon
   169 | D        | Noticed a wraith
   169 | D        | Noticed an acid dragon
   169 | D        | Noticed a troll
   169 | D        | Noticed a wyvern
   174 | D        | Killed a kobold brigand
   175 | D        | Reached skill level 9 in Polearms
   175 | D        | Reached XP level 5. HP: 53/53 MP: 4/4
   178 | D        | Killed a steam dragon
   179 | D        | Reached skill level 11 in Polearms
   179 | D        | Reached XP level 6. HP: 51/62 MP: 5/5
   182 | D        | Killed a wraith
   183 | D        | Reached skill level 12 in Polearms
   185 | D        | Killed an acid dragon
   186 | D        | Reached skill level 13 in Polearms
   186 | D        | Reached XP level 7. HP: 48/71 MP: 6/6
   190 | D        | Killed a troll
   191 | D        | Reached skill level 10 in Fighting
   191 | D        | Reached skill level 14 in Polearms
   191 | D        | Reached skill level 10 in Armour
   196 | D        | Killed a wyvern
   297 | D        | Noticed a red ugly thing
   297 | D        | Noticed a basilisk
   297 | D        | Noticed a slime creature
   297 | D        | Noticed a cyclops
   297 | D        | Noticed a cyan ugly thing
   297 | D        | Noticed a manticore
   308 | D        | Killed a red ugly thing
   309 | D        | Reached skill level 15 in Polearms
   309 | D        | Reached XP level 8. HP: 60/83 MP: 7/7
   319 | D        | Killed a slime creature
   320 | D        | Reached skill level 16 in Polearms
   325 | D        | Killed a cyclops
   326 | D        | Reached XP level 9. HP: 51/92 MP: 8/8
   331 | D        | Killed a cyan ugly thing
   332 | D        | Reached skill level 17 in Polearms
   334 | D        | Killed a manticore
   335 | D        | Reached skill level 18 in Polearms
   562 | D        | Got the +2 halberd of Vewuen {pain, rPois Str+2}
   601 | D        | Noticed a polar bear
   607 | D        | Noticed an eight-headed hydra
   611 | D        | Reached skill level 1 in Necromancy
   625 | D        | Killed a 12-headed hydra
   626 | D        | Reached skill level 19 in Polearms
   631 | D        | Killed a polar bear
   632 | D        | Reached XP level 10. HP: 103/103 MP: 9/9
   726 | D        | Noticed a cane toad
   726 | D        | Noticed a cane toad
   731 | D        | Killed a cane toad
   741 | D        | Killed a cane toad
   742 | D        | Reached skill level 20 in Polearms
   754 | D        | Reached skill level 15 in Fighting
   754 | D        | Reached skill level 15 in Armour
  1071 | D        | Noticed Grum
  1080 | D        | Reached skill level 5 in Necromancy
  1084 | D        | Killed Grum
  1087 | D        | Reached skill level 21 in Polearms
  1181 | D        | Noticed an orc sorcerer
  1202 | D        | Killed an orc sorcerer
  1203 | D        | Reached XP level 11. HP: 109/114 MP: 10/10
  1278 | D        | Noticed an orc high priest
  1284 | D        | Noticed an orc sorcerer
  1288 | D        | Killed an orc high priest
  1299 | D        | Killed an orc sorcerer
  1418 | D        | Found Yretolu's Assorted Antiques.
  1418 | D        | Noticed an orc high priest
  1418 | D        | Noticed an orc high priest
  1418 | D        | Noticed an orc high priest
  1425 | D        | Noticed an orc high priest
  1433 | D        | Killed an orc high priest
  1434 | D        | Reached skill level 22 in Polearms
  1437 | D        | Noticed an orc high priest
  1439 | D        | Killed an orc high priest
  1443 | D        | Noticed a soul eater
  1445 | D        | Killed an orc high priest
  1446 | D        | Found Kebb's Magic Scroll Shoppe.
  1461 | D        | Found Oggumeruec's Assorted Antiques.
  1464 | D        | Killed an orc high priest
  1471 | D        | Killed an orc high priest
  1473 | D        | Found Genuan's General Store.
  1702 | D        | Noticed an orc high priest
  1703 | D        | Noticed an orc high priest
  1704 | D        | Noticed an orc high priest
  1705 | D        | Noticed a sixfirhy
  1707 | D        | Noticed an orc high priest
  1717 | D        | Gained mutation: You are clumsy. (Dex -2) [a neqoxec]
  1725 | D        | Killed an orc high priest
  1726 | D        | Reached skill level 23 in Polearms
  1732 | D        | Killed an orc high priest
  1737 | D        | Killed an orc high priest
  1741 | D        | Killed an orc high priest
  1971 | D        | Bought a glowing cloak for 180 gold pieces
  1971 | D        | Bought a scroll of identify for 48 gold pieces
  1971 | D        | Bought a scroll labelled MEVUL KASM for 24 gold pieces
  1971 | D        | Bought a scroll labelled ICSAEBR UJEER for 24 gold pieces
  1971 | D        | Bought a potion of curing for 72 gold pieces
  1971 | D        | Bought a bubbling clear potion for 21 gold pieces
  1975 | D        | Bought a scroll labelled DAROMU QERUJ for 26 gold pieces
  1975 | D        | Bought a scroll of identify for 52 gold pieces
  1977 | D        | Bought a scroll of identify for 22 gold pieces
  1977 | D        | Bought a scroll of identify for 22 gold pieces
  1981 | D        | Bought a scroll of identify for 24 gold pieces
  1981 | D        | Bought a scroll of identify for 24 gold pieces
  1981 | D        | Bought a scroll of identify for 24 gold pieces
  1981 | D        | Bought a scroll of identify for 24 gold pieces
  1981 | D        | Bought a scroll of enchant weapon for 90 gold pieces
  1981 | D        | Bought a scroll of identify for 24 gold pieces
  2020 | D        | Bought a scroll of identify for 60 gold pieces
  2020 | D        | Bought a glowing bardiche for 360 gold pieces
  2020 | D        | Bought 2 potions of haste for 600 gold pieces
  2020 | D        | Bought 2 potions of cancellation for 480 gold pieces
  2052 | D        | Bought a pair of runed gloves for 135 gold pieces
  2052 | D        | Bought a scroll labelled OTIYPRUPIKK for 18 gold pieces
  2052 | D        | Bought a scroll of enchant weapon for 135 gold pieces
  2052 | D        | Bought a pair of runed gloves for 135 gold pieces
  2052 | D        | Bought a glittering ivory amulet for 90 gold pieces
  2052 | D        | Identified the amulet "Zeshrac" {Acrobat Dex+3} (You bought
                  | it in a shop in the Dungeon)
  2052 | D        | Bought a potion of cancellation for 144 gold pieces
  2103 | D        | Bought the +8 arc blade {discharge, rElec} for 660 gold
                  | pieces
  2103 | D        | Found the +8 arc blade {discharge, rElec}
  2145 | D        | Noticed Harold
  2158 | D        | Killed Harold
  2355 | D        | Noticed an orc knight
  2355 | D        | Noticed an orc knight
  2355 | D        | Noticed a five-headed hydra
  2355 | D        | Noticed a boulder beetle
  2360 | D        | Noticed a boulder beetle
  2361 | D        | Killed an orc knight
  2362 | D        | Reached XP level 12. HP: 61/127 MP: 11/11
  2373 | D        | Reached skill level 24 in Polearms
  2376 | D        | Killed a boulder beetle
  2384 | D        | Killed a seven-headed hydra
  2386 | D        | HP: 4/190 [efreet/+2 scimitar of flaming (8)]
  2386 | D        | Slain by an efreet

Illustrated notes

Levels and vault maps discovered:
D:        linesprint [early_d, line_temple, items_1, d_10, items_2, lair_1,
          lair_end, items_3, orc_1, orc_end, items_4, d_15, swamp_1, shoals_1,
          snake_1, spider_1, d_20, vaults_1, items_5, swamp_end, shoals_end,
          snake_end, spider_end, vaults_end, d_27, items_6, zot_1, zot_end,
          crypt_end, forest_end, elf_end, slime_end, tomb_end, abyss_end,
          pan_hell_end]

Skill      XL: |  1  2  3  4  5  6  7  8  9 10 11 12 |
---------------+-------------------------------------+-----
Polearms       | 5 7 9 11 13 15 16 19 21 23 24 | 24.3
Fighting       | 5 6 7 8 9 11 12 14 15 17 18 | 18.1
Armour         | 5 6 7 8 9 11 12 14 15 17 18 | 18.1
Necromancy     | 2 5 7 |  7.6
Shields        | |  3.6

Action                     |  1- 3 |  4- 6 |  7- 9 | 10-12 || total
---------------------------+-------+-------+-------+-------++-------
  Melee: Trident           |    41 |     9 |       |       ||    50
         Headbutt          |     4 |     5 |    16 |    44 ||    69
         Halberd           |       |    15 |    74 |   211 ||   300
         Bardiche          |       |       |       |    26 ||    26
 Invoke: Call Merchant     |       |       |       |     4 ||     4
    Use: Potion            |       |       |     1 |    11 ||    12
         Scroll            |       |       |       |    11 ||    11
 Armour: Scale mail        |    16 |     2 |       |       ||    18
         Chain mail        |       |     6 |    39 |    49 ||    94
         Plate armour      |       |       |       |    39 ||    39
  Dodge: Dodged            |     6 |     6 |    19 |    51 ||    82
  Block: Buckler           |     7 |       |       |       ||     7
